Penguins vs Blackhawks

Created - March 26, 2022 at 19:42

Goals
1 2 3 OT1 SO T
Penguins 0 4 1 0 1 6
Blackhawks 0 4 1 0 0 5
Shots
1 2 3 OT1 SO T
Penguins 8 17 8 0 3 33
Blackhawks 22 12 4 1 3 39

1st period

No Goal

Penalties :
No Penalty

2nd period

1. Penguins , Steven Stamkos 29 (Nikita Kucherov 30) at 0:18
2. Blackhawks , Jordan Staal 13 (Johnny Gaudreau 33, Corey Perry 14) at 1:28 (PP)
3. Blackhawks , James Wright 8 (Jakob Silfverberg 12, Raphael Diaz 9) at 5:32 (SH)
4. Penguins , Derek Stepan 20 (Nick Leddy 11) at 8:49
5. Blackhawks , Jakob Silfverberg 17 (Radko Gudas 10) at 11:12
6. Penguins , Nikita Kucherov 31 (Steven Stamkos 44, Jason Zucker 10) at 15:27 (PP)
7. Penguins , Steven Stamkos 30 (Jason Zucker 11, Keith Aulie 15) at 17:22 (PP)
8. Blackhawks , Derek Roy 13 (Raphael Diaz 10, Jakob Silfverberg 13) at 19:32

Penalties :
Nick Leddy (Pit) for Interference (Minor) at 1:11, Calvin de Haan (Chi) for Interference (Minor) at 4:00, Alexander Frolov (Chi) for Hooking (Minor) at 14:32, Corey Perry (Chi) for Hooking (Minor) at 16:42

3rd period

9. Penguins , Joe Pavelski 17 (Derek Stepan 29, Keith Aulie 16) at 0:41
10. Blackhawks , Nick Bonino 7 (Brett Maclean 5, James Wright 6) at 10:45

Penalties :
Joe Colborne (Pit) for Cross-checking (Minor) at 3:06, Derek Roy (Chi) for High sticking (Minor) at 3:55

Overtime #1

No Goal

Penalties :
No Penalty

Shootout

Penguins, Steven Stamkos - Stopped by Tuukka Rask
Blackhawks, Johnny Gaudreau - Stopped by Jacob Markstrom
Penguins, Nikita Kucherov - Stopped by Tuukka Rask
Blackhawks, Jakob Silfverberg - Shot Misses the Net
Penguins, Derek Stepan - Goal!
Blackhawks, Antoine Roussel - Stopped by Jacob Markstrom

Penalties :
No Penalty

Goalie Stats

Jacob Markstrom (Pit), 34 saves from 39 shots - (0.872), W, 26-13-2, 65:00 minutes
Tuukka Rask (Chi), 28 saves from 33 shots - (0.848), OTL, 14-12-7, 65:00 minutes

Players Stats for Penguins

Player Name              G  A  P  +/- PIM S  H  SB GA TA FO     MP     PP MP  PK MP  
------------------------------------------------------------------------------------
Brandon Tanev            0  0  0   0  0   1  1  0  0  0  0/0     7:47   0:00   0:00 
Cal Clutterbuck          0  0  0  -1  0   0  1  0  0  0  0/0    13:21   0:00   0:00 
Clarke MacArthur         0  0  0  -1  0   2  0  0  1  0  0/0    12:39   0:00   0:00 
Damon Severson           0  0  0  -2  0   0  1  0  0  1  0/0    12:12   0:00   0:00 
Derek Stepan             1  1  2  -1  0   3  2  0  0  0  9/21   18:28   1:49   0:10 
Jason Zucker             0  2  2   1  0   2  4  0  1  0  2/2    25:45   2:34   0:56 
Jeff Skinner             0  0  0  -1  0   1  3  0  2  0  0/0    18:14   1:49   0:10 
Joe Colborne             0  0  0  -1  2   1  0  0  0  0  1/5    12:39   0:49   0:00 
Joe Pavelski             1  0  1  -1  0   3  1  1  0  1  0/1    15:17   1:00   0:00 
Keith Aulie              0  2  2   1  0   2  0  0  4  0  0/0    31:54   2:43   0:46 
Lars Eller               0  0  0   0  0   3  0  0  1  1  2/2     7:47   0:00   0:00 
Marcus Foligno           0  0  0   0  0   1  1  0  0  0  0/0     9:04   0:00   0:00 
Nick Leddy               0  1  1   0  2   0  2  1  1  2  0/0    20:53   1:40   0:20 
Nikita Kucherov          1  1  2   1  0   7  0  0  3  0  1/1    21:21   2:34   0:00 
Oliver Ekman-Larsson     0  0  0   1  0   2  1  2  2  2  0/0    31:54   2:43   0:46 
Robert Hagg              0  0  0  -2  0   0  0  0  0  0  0/0    12:12   0:00   0:00 
Sean Zimmerman           0  0  0   0  0   0  0  3  0  1  0/0    20:54   1:40   0:20 
Steven Stamkos           2  1  3   1  0   5  3  2  1  0  25/48  25:21   2:34   0:56 

Players Stats for Blackhawks

Player Name              G  A  P  +/- PIM S  H  SB GA TA FO     MP     PP MP  PK MP  
------------------------------------------------------------------------------------
Alexander Frolov         0  0  0  -1  2   1  1  0  0  0  0/0    11:46   0:00   0:31 
Antoine Roussel          0  0  0   0  0   3  1  2  1  0  1/2    21:53   0:23   3:32 
Blake Wheeler            0  0  0  -1  0   3  1  0  0  0  0/0    12:03   0:00   0:00 
Brett Maclean            0  1  1   1  0   2  0  0  1  1  0/0     7:27   0:00   0:00 
Calvin de Haan           0  0  0   1  2   0  2  2  0  0  0/0    19:20   0:00   0:16 
Colby Armstrong          0  0  0   1  0   0  0  1  0  0  0/0     7:48   0:00   0:00 
Corey Perry              0  1  1   0  2   1  2  0  0  0  2/4    19:47   0:43   0:44 
Derek Roy                1  0  1   0  2   7  1  1  0  0  11/21  21:53   0:22   2:58 
Jakob Silfverberg        1  2  3   1  0   5  0  0  0  1  1/2    18:20   0:23   0:26 
James Wright             1  1  2   0  0   1  0  0  0  1  6/8    11:11   0:00   0:35 
Jamie McBain             0  0  0   2  0   3  2  3  1  3  0/0    32:31   1:06   3:44 
Jay Bouwmeester          0  0  0  -2  0   1  2  0  0  0  0/0    13:58   0:00   0:23 
Johnny Gaudreau          0  1  1   0  0   3  2  0  0  1  2/2    22:11   0:43   0:00 
Jordan Staal             1  0  1   0  0   4  0  0  1  1  15/38  22:05   0:43   0:00 
Matthew Spiller          0  0  0  -2  0   0  0  2  2  1  0/0    13:02   0:00   0:00 
Nick Bonino              1  0  1   1  0   4  1  0  1  0  2/3     7:27   0:00   0:00 
Radko Gudas              0  1  1   1  0   1  1  4  0  5  0/0    26:26   0:00   3:08 
Raphael Diaz             0  2  2   2  0   0  3  1  1  2  0/0    25:15   1:06   1:15 

3 Stars

1 - Steven Stamkos (Pit)
2 - Jakob Silfverberg (Chi)
3 - Nikita Kucherov (Pit)

Power Play

Penguins - 2 on 4 Attempt(s) - 50.00%
Blackhawks - 1 on 2 Attempt(s) - 50.00%

Penalty Kill

Penguins - 1 on 2 Attempt(s) - 50.00% - Score 0 goal in Penalty Kill
Blackhawks - 2 on 4 Attempt(s) - 50.00% - Score 1 goal in Penalty Kill

Team Stat

Penguins - Hits : 20 - Faceoff Wins : 40 - Blocked Shots : 9 - Penalty Minutes : 4
Blackhawks - Hits : 19 - Faceoff Wins : 40 - Blocked Shots : 16 - Penalty Minutes : 8

Official

Referees : Furman South and Conor O'Donnell
Linesman : Bryan Pancich and Derek Nansen

Game Notes

0:18 of 2nd period - Penguins goal is going for a video replay. After video review, Goal.
19:32 of 2nd period - Blackhawks goal is going for a video replay. After video review, Goal.

Finance

Level 1 -- Attendance: 6000 (100.00%) -- Ticket Income $600,000
Level 2 -- Attendance: 4803 (96.06%) -- Ticket Income $288,180
Level 3 -- Attendance: 1913 (95.65%) -- Ticket Income $66,955
Level 4 -- Attendance: 3902 (97.55%) -- Ticket Income $97,550
Luxury Box -- Attendance: 943 (94.30%) -- Ticket Income $188,600
Game was played at the United Center.
Total Attendance: 17561 (97.56%)
Total Ticket Income: $1,241,285
Other Income: $186,193
Total Income: $1,427,478

Penguins

5 vs 5 Forward 
   Center                   Left Wing                Right Wing               Time % Phy DF OF 
 1 Steven Stamkos           Jason Zucker             Nikita Kucherov          40     1   2  2  
 2 Derek Stepan             Jeff Skinner             Joe Pavelski             30     1   2  2  
 3 Joe Colborne             Clarke MacArthur         Cal Clutterbuck          20     1   2  2  
 4 Lars Eller               Brandon Tanev            Marcus Foligno           10     1   2  2  

5 vs 5 Defense 
   Defense                  Defense                                           Time % Phy DF OF 
 1 Oliver Ekman-Larsson     Keith Aulie                                       40     1   2  2  
 2 Sean Zimmerman           Nick Leddy                                        30     1   2  2  
 3 Damon Severson           Robert Hagg                                       20     1   2  2  
 4 Oliver Ekman-Larsson     Keith Aulie                                       10     1   2  2  

PowerPlay Forward 
   Center                   Left Wing                Right Wing               Time % Phy DF OF 
 1 Steven Stamkos           Jason Zucker             Nikita Kucherov          60     1   2  2  
 2 Derek Stepan             Jeff Skinner             Joe Pavelski             40     1   2  2  

PowerPlay Defense
   Defense                  Defense                                           Time % Phy DF OF 
 1 Oliver Ekman-Larsson     Keith Aulie                                       60     1   2  2  
 2 Sean Zimmerman           Nick Leddy                                        40     1   2  2  

Penalty Kill 4 Players Forward 
   Center                   Wing                     Time % Phy DF OF 
 1 Steven Stamkos           Jason Zucker             60     1   2  2  
 2 Derek Stepan             Jeff Skinner             40     1   2  2  

Penalty Kill 4 Players Defense
   Defense                  Defense                  Time % Phy DF OF 
 1 Oliver Ekman-Larsson     Keith Aulie              60     1   2  2  
 2 Sean Zimmerman           Nick Leddy               40     1   2  2  

Penalty Kill - 3 Players Forward 
   Forward                                           Time % Phy DF OF 
 1 Steven Stamkos                                    60     1   2  2  
 2 Derek Stepan                                      40     1   2  2  

Penalty Kill - 3 Players Defense
   Defense                  Defense                  Time % Phy DF OF 
 1 Oliver Ekman-Larsson     Keith Aulie              60     1   2  2  
 2 Sean Zimmerman           Nick Leddy               40     1   2  2  

4 vs 4 Forward 
   Center                   Wing                     Time % Phy DF OF 
 1 Steven Stamkos           Jason Zucker             60     1   2  2  
 2 Derek Stepan             Jeff Skinner             40     1   2  2  

4 vs 4 Defense
   Defense                  Defense                  Time % Phy DF OF 
 1 Oliver Ekman-Larsson     Keith Aulie              60     1   2  2  
 2 Sean Zimmerman           Nick Leddy               40     1   2  2  

Last Minutes Offensive
   Center                   Left Wing                Right Wing               Defense                  Defense                  
   Steven Stamkos           Jason Zucker             Nikita Kucherov          Oliver Ekman-Larsson     Keith Aulie              

Last Minutes Defensive
   Center                   Left Wing                Right Wing               Defense                  Defense                  
   Steven Stamkos           Jason Zucker             Nikita Kucherov          Oliver Ekman-Larsson     Keith Aulie              

Goaltenders
Starting : Jacob Markstrom          
Backup : Viktor Fasth             

Extra Forwards
Normal : Cal Clutterbuck, Marcus Foligno, Jason Zucker - PP : Cal Clutterbuck, Marcus Foligno - PK : Cal Clutterbuck
Extra Defensemen
Normal : Nick Leddy, Damon Severson, Robert Hagg - PP : Nick Leddy - PK : Nick Leddy, Damon Severson
Penalty Shots
Steven Stamkos, Nikita Kucherov, Derek Stepan, Joe Pavelski, Cal Clutterbuck

Scratches
None

Blackhawks

5 vs 5 Forward 
   Center                   Left Wing                Right Wing               Time % Phy DF OF 
 1 Jordan Staal             Johnny Gaudreau          Corey Perry              40     1   2  2  
 2 Derek Roy                Antoine Roussel          Jakob Silfverberg        30     1   2  2  
 3 James Wright             Alexander Frolov         Blake Wheeler            20     1   2  2  
 4 Nick Bonino              Brett Maclean            Colby Armstrong          10     1   2  2  

5 vs 5 Defense 
   Defense                  Defense                                           Time % Phy DF OF 
 1 Jamie McBain             Raphael Diaz                                      40     1   2  2  
 2 Radko Gudas              Calvin de Haan                                    30     1   2  2  
 3 Jay Bouwmeester          Matthew Spiller                                   20     1   2  2  
 4 Jamie McBain             Radko Gudas                                       10     1   2  2  

PowerPlay Forward 
   Center                   Left Wing                Right Wing               Time % Phy DF OF 
 1 Jordan Staal             Johnny Gaudreau          Corey Perry              60     1   2  2  
 2 Derek Roy                Antoine Roussel          Jakob Silfverberg        40     1   2  2  

PowerPlay Defense
   Defense                  Defense                                           Time % Phy DF OF 
 1 Jamie McBain             Raphael Diaz                                      60     1   2  2  
 2 Radko Gudas              Calvin de Haan                                    40     1   2  2  

Penalty Kill 4 Players Forward 
   Center                   Wing                     Time % Phy DF OF 
 1 Derek Roy                Antoine Roussel          60     1   2  2  
 2 James Wright             Jakob Silfverberg        40     1   2  2  

Penalty Kill 4 Players Defense
   Defense                  Defense                  Time % Phy DF OF 
 1 Jamie McBain             Radko Gudas              60     1   2  2  
 2 Raphael Diaz             Calvin de Haan           40     1   2  2  

Penalty Kill - 3 Players Forward 
   Forward                                           Time % Phy DF OF 
 1 Derek Roy                                         60     1   2  2  
 2 James Wright                                      40     1   2  2  

Penalty Kill - 3 Players Defense
   Defense                  Defense                  Time % Phy DF OF 
 1 Jamie McBain             Radko Gudas              60     1   2  2  
 2 Raphael Diaz             Calvin de Haan           40     1   2  2  

4 vs 4 Forward 
   Center                   Wing                     Time % Phy DF OF 
 1 Jordan Staal             Johnny Gaudreau          60     1   2  2  
 2 Derek Roy                Antoine Roussel          40     1   2  2  

4 vs 4 Defense
   Defense                  Defense                  Time % Phy DF OF 
 1 Jamie McBain             Radko Gudas              60     1   2  2  
 2 Raphael Diaz             Calvin de Haan           40     1   2  2  

Last Minutes Offensive
   Center                   Left Wing                Right Wing               Defense                  Defense                  
   Jordan Staal             Johnny Gaudreau          Corey Perry              Jamie McBain             Raphael Diaz             

Last Minutes Defensive
   Center                   Left Wing                Right Wing               Defense                  Defense                  
   Jordan Staal             Johnny Gaudreau          Jakob Silfverberg        Jamie McBain             Radko Gudas              

Goaltenders
Starting : Tuukka Rask              
Backup : Josh Harding             

Extra Forwards
Normal : Jakob Silfverberg, Derek Roy, Blake Wheeler - PP : Nick Bonino, Brett Maclean - PK : Corey Perry
Extra Defensemen
Normal : Calvin de Haan, Jay Bouwmeester, Matthew Spiller - PP : Jay Bouwmeester - PK : Calvin de Haan, Jay Bouwmeester
Penalty Shots
Johnny Gaudreau, Jakob Silfverberg, Antoine Roussel, Jordan Staal, Corey Perry

Scratches
Shane O'Brien (Healthy), Stefan Matteau (Healthy)

% Time on Ice - Penguins

Lines # - Real PCT - Wanted PCT - Time Play
Normal Forward
1 - 36% - 40% - 19:16
2 - 27% - 30% - 14:24
3 - 22% - 20% - 11:54
4 - 15% - 10% - 7:47
Normal Defense
1 - 40% - 40% - 21:22
2 - 31% - 30% - 16:17
3 - 22% - 20% - 11:58
4 - 7% - 10% - 3:44
PP Forward
1 - 59% - 60% - 2:34
2 - 41% - 40% - 1:49
PP Defense
1 - 62% - 60% - 2:43
2 - 38% - 40% - 1:40
PK Forward
1 - 85% - 60% - 0:56
2 - 15% - 40% - 0:10
PK Defense
1 - 70% - 60% - 0:46
2 - 30% - 40% - 0:20
PK3 Forward
1 - 0% - 60%
2 - 0% - 40%
PK3 Defense
1 - 0% - 60%
2 - 0% - 40%
44 Forward
1 - 70% - 60% - 4:19
2 - 30% - 40% - 1:51
44 Defense
1 - 54% - 60% - 3:19
2 - 46% - 40% - 2:51
Last Minute Offensive  - 0:00
Last Minute Defensive  - 0:00
Total
Forward - 65:00
Defense - 65:00

% Time on Ice - Blackhawks

Lines # - Real PCT - Wanted PCT - Time Play
Normal Forward
1 - 36% - 40% - 19:16
2 - 31% - 30% - 16:24
3 - 19% - 20% - 10:14
4 - 14% - 10% - 7:27
Normal Defense
1 - 38% - 40% - 20:27
2 - 30% - 30% - 15:54
3 - 24% - 20% - 13:00
4 - 7% - 10% - 4:00
PP Forward
1 - 65% - 60% - 0:43
2 - 35% - 40% - 0:23
PP Defense
1 - 100% - 60% - 1:06
2 - 0% - 40% - 0:00
PK Forward
1 - 90% - 60% - 3:57
2 - 10% - 40% - 0:26
PK Defense
1 - 71% - 60% - 3:08
2 - 29% - 40% - 1:15
PK3 Forward
1 - 0% - 60%
2 - 0% - 40%
PK3 Defense
1 - 0% - 60%
2 - 0% - 40%
44 Forward
1 - 78% - 60% - 4:47
2 - 22% - 40% - 1:23
44 Defense
1 - 57% - 60% - 3:32
2 - 43% - 40% - 2:38
Last Minute Offensive  - 0:00
Last Minute Defensive  - 0:00
Total
Forward - 65:00
Defense - 65:00

Play-by-Play

1st period


0:01 of 1st period - Steven Stamkos wins face-off versus Jordan Staal in neutral zone.
1:15 of 1st period - Snap shot by Nick Bonino.
1:15 of 1st period - Stopped by Jacob Markstrom with a rebound.
1:17 of 1st period - Snap shot by Radko Gudas.
1:17 of 1st period - Stopped by Jacob Markstrom without a rebound.
1:18 of 1st period - Nick Bonino wins face-off versus Steven Stamkos in Penguins zone.
1:35 of 1st period - Wrist shot by Nick Bonino.
1:35 of 1st period - Stopped by Jacob Markstrom without a rebound.
1:36 of 1st period - Derek Stepan wins face-off versus Jordan Staal in Penguins zone.
1:47 of 1st period - Snap shot by Johnny Gaudreau.
1:47 of 1st period - Deflect By Corey Perry.
1:47 of 1st period - Shot Misses the Net.
1:47 of 1st period - Puck is out of play.
1:48 of 1st period - Nikita Kucherov wins face-off versus Derek Roy in Penguins zone.
1:57 of 1st period - Wrist shot by Nikita Kucherov.
1:57 of 1st period - Shot Blocked by Matthew Spiller.
2:20 of 1st period - Off-side.
2:21 of 1st period - Johnny Gaudreau wins face-off versus Joe Colborne in neutral zone.
3:14 of 1st period - Wrist shot by Nick Bonino.
3:14 of 1st period - Deflect By Brett Maclean.
3:14 of 1st period - Shot Misses the Net.
3:14 of 1st period - Puck is out of play.
3:15 of 1st period - Nick Bonino wins face-off versus Steven Stamkos in Penguins zone.
3:40 of 1st period - Robert Hagg is hit by Nick Bonino and loses puck.
3:51 of 1st period - Snap shot by Nick Bonino.
3:51 of 1st period - Stopped by Jacob Markstrom without a rebound.
3:52 of 1st period - Derek Stepan wins face-off versus Jordan Staal in Penguins zone.
4:24 of 1st period - Wrist shot by Derek Roy.
4:24 of 1st period - Stopped by Jacob Markstrom with a rebound.
4:26 of 1st period - Snap shot by Derek Roy.
4:26 of 1st period - Shot Misses the Net.
4:28 of 1st period - Slapshot by Jay Bouwmeester.
4:28 of 1st period - Shot Misses the Net.
4:30 of 1st period - Slapshot by Matthew Spiller.
4:30 of 1st period - Shot Blocked by Oliver Ekman-Larsson.
6:18 of 1st period - Wrist shot by Brandon Tanev.
6:18 of 1st period - Stopped by Tuukka Rask with a rebound.
6:38 of 1st period - Wrist shot by Jakob Silfverberg.
6:38 of 1st period - Deflect By Derek Roy.
6:38 of 1st period - Shot Misses the Net.
6:38 of 1st period - Puck is out of play.
6:39 of 1st period - Derek Roy wins face-off versus Derek Stepan in Penguins zone.
6:50 of 1st period - Snap shot by Derek Stepan.
6:50 of 1st period - Shot Misses the Net.
6:56 of 1st period - Snap shot by Derek Stepan.
6:56 of 1st period - Stopped by Tuukka Rask without a rebound.
6:57 of 1st period - Jordan Staal wins face-off versus Steven Stamkos in Blackhawks zone.
7:24 of 1st period - Jeff Skinner is hit by Derek Roy.
8:08 of 1st period - Wrist shot by Lars Eller.
8:08 of 1st period - Stopped by Tuukka Rask with a rebound.
8:10 of 1st period - Wrist shot by Lars Eller.
8:10 of 1st period - Shot Misses the Net.
8:32 of 1st period - Snap shot by Nikita Kucherov.
8:32 of 1st period - Shot Misses the Net.
8:34 of 1st period - Slapshot by Keith Aulie.
8:34 of 1st period - Deflect By Steven Stamkos.
8:34 of 1st period - Stopped by Tuukka Rask without a rebound.
8:35 of 1st period - Derek Stepan wins face-off versus Jordan Staal in Blackhawks zone.
8:42 of 1st period - Snap shot by Jeff Skinner.
8:42 of 1st period - Stopped by Tuukka Rask with a rebound.
8:48 of 1st period - Slapshot by Johnny Gaudreau.
8:48 of 1st period - Stopped by Jacob Markstrom without a rebound.
8:49 of 1st period - Steven Stamkos wins face-off versus Derek Roy in Penguins zone.
9:02 of 1st period - Snap shot by Nikita Kucherov.
9:02 of 1st period - Stopped by Tuukka Rask without a rebound.
9:03 of 1st period - Steven Stamkos wins face-off versus Jordan Staal in Blackhawks zone.
9:32 of 1st period - Snap shot by Jamie McBain.
9:32 of 1st period - Deflect By Derek Roy.
9:32 of 1st period - Shot Blocked by Joe Pavelski.
9:32 of 1st period - Puck is out of play.
9:33 of 1st period - Derek Roy wins face-off versus Derek Stepan in Penguins zone.
9:34 of 1st period - Snap shot by Jakob Silfverberg.
9:34 of 1st period - Shot Misses the Net.
9:36 of 1st period - Snap shot by Jakob Silfverberg.
9:36 of 1st period - Stopped by Jacob Markstrom with a rebound.
9:40 of 1st period - Snap shot by Derek Roy.
9:40 of 1st period - Stopped by Jacob Markstrom with a rebound.
9:42 of 1st period - Snap shot by Antoine Roussel.
9:42 of 1st period - Stopped by Jacob Markstrom with a rebound.
9:44 of 1st period - Wrist shot by Antoine Roussel.
9:44 of 1st period - Shot Misses the Net.
9:46 of 1st period - Snap shot by Jakob Silfverberg.
9:46 of 1st period - Stopped by Jacob Markstrom without a rebound.
9:47 of 1st period - Steven Stamkos wins face-off versus Jordan Staal in Penguins zone.
10:12 of 1st period - Icing by Jordan Staal.
10:13 of 1st period - Derek Stepan wins face-off versus Jordan Staal in Blackhawks zone.
11:00 of 1st period - Off-side.
11:01 of 1st period - Steven Stamkos wins face-off versus James Wright in neutral zone.
11:39 of 1st period - Off-side.
11:40 of 1st period - Steven Stamkos wins face-off versus Jordan Staal in neutral zone.
11:43 of 1st period - Johnny Gaudreau is hit by Jason Zucker and loses puck.
12:34 of 1st period - Slapshot by Derek Roy.
12:34 of 1st period - Stopped by Jacob Markstrom with a rebound.
13:02 of 1st period - Snap shot by Nikita Kucherov.
13:02 of 1st period - Shot Misses the Net.
13:13 of 1st period - Snap shot by Jason Zucker.
13:13 of 1st period - Shot Misses the Net.
13:28 of 1st period - Snap shot by Marcus Foligno.
13:28 of 1st period - Shot Misses the Net.
13:46 of 1st period - Backhand shot by Derek Roy.
13:46 of 1st period - Stopped by Jacob Markstrom without a rebound.
13:47 of 1st period - Derek Roy wins face-off versus Derek Stepan in Penguins zone.
13:50 of 1st period - Slapshot by Derek Roy.
13:50 of 1st period - Stopped by Jacob Markstrom without a rebound.
13:51 of 1st period - Steven Stamkos wins face-off versus Jordan Staal in Penguins zone.
14:04 of 1st period - Jay Bouwmeester is hit by Steven Stamkos and loses puck.
14:27 of 1st period - Snap shot by Jakob Silfverberg.
14:27 of 1st period - Stopped by Jacob Markstrom with a rebound.
14:29 of 1st period - Slapshot by Jay Bouwmeester.
14:29 of 1st period - Stopped by Jacob Markstrom without a rebound.
14:30 of 1st period - James Wright wins face-off versus Steven Stamkos in Penguins zone.
14:39 of 1st period - Wrist shot by Jamie McBain.
14:39 of 1st period - Stopped by Jacob Markstrom without a rebound.
14:40 of 1st period - James Wright wins face-off versus Steven Stamkos in Penguins zone.
14:53 of 1st period - Wrist shot by Steven Stamkos.
14:53 of 1st period - Shot Misses the Net.
15:07 of 1st period - Snap shot by Jamie McBain.
15:07 of 1st period - Deflect By Jason Zucker.
15:07 of 1st period - Stopped by Jacob Markstrom without a rebound.
15:08 of 1st period - Jordan Staal wins face-off versus Derek Stepan in Penguins zone.
15:23 of 1st period - Slapshot by Johnny Gaudreau.
15:23 of 1st period - Stopped by Jacob Markstrom with a rebound.
15:25 of 1st period - Snap shot by Jordan Staal.
15:25 of 1st period - Stopped by Jacob Markstrom without a rebound.
15:26 of 1st period - Derek Roy wins face-off versus Joe Colborne in Penguins zone.
16:05 of 1st period - Snap shot by Jordan Staal.
16:05 of 1st period - Stopped by Jacob Markstrom without a rebound.
16:06 of 1st period - Derek Stepan wins face-off versus Derek Roy in Penguins zone.
16:11 of 1st period - Slapshot by Derek Stepan.
16:11 of 1st period - Shot Misses the Net.
16:31 of 1st period - Corey Perry is hit by Steven Stamkos and loses puck.
16:55 of 1st period - Icing by Johnny Gaudreau.
16:56 of 1st period - James Wright wins face-off versus Joe Colborne in Blackhawks zone.
17:09 of 1st period - Wrist shot by Clarke MacArthur.
17:09 of 1st period - Stopped by Tuukka Rask without a rebound.
17:10 of 1st period - Derek Stepan wins face-off versus Jordan Staal in Blackhawks zone.
17:23 of 1st period - Slapshot by Joe Pavelski.
17:23 of 1st period - Stopped by Tuukka Rask without a rebound.
17:24 of 1st period - Jakob Silfverberg wins face-off versus Steven Stamkos in Blackhawks zone.
17:55 of 1st period - Oliver Ekman-Larsson is hit by Corey Perry and loses puck.
18:12 of 1st period - Snap shot by Clarke MacArthur.
18:12 of 1st period - Shot Misses the Net.
18:32 of 1st period - Slapshot by Brett Maclean.
18:32 of 1st period - Stopped by Jacob Markstrom with a rebound.
18:34 of 1st period - Slapshot by Matthew Spiller.
18:34 of 1st period - Deflect By Brett Maclean.
18:34 of 1st period - Stopped by Jacob Markstrom without a rebound.
18:35 of 1st period - Lars Eller wins face-off versus Nick Bonino in Penguins zone.
19:07 of 1st period - Marcus Foligno is hit by Jamie McBain and loses puck.
19:40 of 1st period - Calvin de Haan is hit by Marcus Foligno and loses puck.
Goals for this period are 0 for Penguins vs 0 for Blackhawks.
Shots for this period are 8 for Penguins vs 22 for Blackhawks.

2nd period


0:01 of 2nd period - Steven Stamkos wins face-off versus Jordan Staal in neutral zone.
0:08 of 2nd period - Snap shot by Nikita Kucherov.
0:08 of 2nd period - Shot Blocked by Raphael Diaz.
0:10 of 2nd period - Snap shot by Nikita Kucherov.
0:10 of 2nd period - Stopped by Tuukka Rask without a rebound.
0:11 of 2nd period - Steven Stamkos wins face-off versus Derek Roy in Blackhawks zone.
0:12 of 2nd period - Wrist shot by Nikita Kucherov.
0:12 of 2nd period - Shot Misses the Net.
0:14 of 2nd period - Snap shot by Steven Stamkos.
0:14 of 2nd period - Shot Blocked by Derek Roy.
0:18 of 2nd period - Wrist shot by Steven Stamkos.
0:18 of 2nd period - Penguins goal is going for a video replay.
0:18 of 2nd period - The goal is good.
0:18 of 2nd period - Goal by Steven Stamkos - Penguins : 1 - Blackhawks : 0.
0:19 of 2nd period - Jason Zucker wins face-off versus Jordan Staal in neutral zone.
0:59 of 2nd period - Wrist shot by Nikita Kucherov.
0:59 of 2nd period - Stopped by Tuukka Rask without a rebound.
1:00 of 2nd period - Derek Roy wins face-off versus Derek Stepan in Blackhawks zone.
1:08 of 2nd period - Off-side.
1:09 of 2nd period - Derek Stepan wins face-off versus Derek Roy in neutral zone.
1:11 of 2nd period - Minor Penalty to Nick Leddy for Interference.
1:12 of 2nd period - Corey Perry wins face-off versus Steven Stamkos in Penguins zone.
1:12 of 2nd period - Snap shot by Jordan Staal.
1:12 of 2nd period - Stopped by Jacob Markstrom without a rebound.
1:13 of 2nd period - Jordan Staal wins face-off versus Steven Stamkos in Penguins zone.
1:16 of 2nd period - Backhand shot by Johnny Gaudreau.
1:16 of 2nd period - Stopped by Jacob Markstrom with a rebound.
1:28 of 2nd period - Slapshot by Jordan Staal.
1:28 of 2nd period - Goal by Jordan Staal - Penguins : 1 - Blackhawks : 1.
1:29 of 2nd period - Derek Roy wins face-off versus Derek Stepan in neutral zone.
1:44 of 2nd period - Slapshot by Jamie McBain.
1:44 of 2nd period - Stopped by Jacob Markstrom without a rebound.
1:45 of 2nd period - Steven Stamkos wins face-off versus Corey Perry in Penguins zone.
2:18 of 2nd period - Slapshot by Joe Pavelski.
2:18 of 2nd period - Stopped by Tuukka Rask without a rebound.
2:19 of 2nd period - Antoine Roussel wins face-off versus Derek Stepan in Blackhawks zone.
2:19 of 2nd period - Antoine Roussel is hit by Jeff Skinner.
2:25 of 2nd period - Derek Stepan is hit by Raphael Diaz.
2:45 of 2nd period - Raphael Diaz is hit by Jeff Skinner and loses puck.
3:15 of 2nd period - Icing by Oliver Ekman-Larsson.
3:16 of 2nd period - Derek Stepan wins face-off versus Corey Perry in Penguins zone.
3:16 of 2nd period - Derek Stepan is hit by Corey Perry.
4:00 of 2nd period - Minor Penalty to Calvin de Haan for Interference.
4:01 of 2nd period - Steven Stamkos wins face-off versus Derek Roy in Blackhawks zone.
4:57 of 2nd period - Slapshot by Corey Perry.
4:57 of 2nd period - Deflect By Alexander Frolov.
4:57 of 2nd period - Stopped by Jacob Markstrom without a rebound.
4:58 of 2nd period - Derek Stepan wins face-off versus Derek Roy in Penguins zone.
5:32 of 2nd period - Backhand shot by James Wright.
5:32 of 2nd period - Goal by James Wright - Penguins : 1 - Blackhawks : 2.
5:33 of 2nd period - Derek Roy wins face-off versus Steven Stamkos in neutral zone.
6:00 of 2nd period - Penalty to Calvin de Haan is over, Calvin de Haan is back on ice.
6:00 of 2nd period - Antoine Roussel is hit by Joe Pavelski and loses puck.
6:32 of 2nd period - Snap shot by Antoine Roussel.
6:32 of 2nd period - Deflect By Derek Roy.
6:32 of 2nd period - Shot Misses the Net.
6:32 of 2nd period - Puck is out of play.
6:33 of 2nd period - Steven Stamkos wins face-off versus Jordan Staal in Penguins zone.
6:59 of 2nd period - Oliver Ekman-Larsson is hit by Jay Bouwmeester and loses puck.
7:27 of 2nd period - Jeff Skinner is hit by Calvin de Haan and loses puck.
8:44 of 2nd period - Antoine Roussel is hit by Derek Stepan and loses puck.
8:49 of 2nd period - Snap shot by Derek Stepan.
8:49 of 2nd period - Goal by Derek Stepan - Penguins : 2 - Blackhawks : 2.
8:50 of 2nd period - Jordan Staal wins face-off versus Steven Stamkos in neutral zone.
9:45 of 2nd period - Slapshot by Oliver Ekman-Larsson.
9:45 of 2nd period - Stopped by Tuukka Rask without a rebound.
9:46 of 2nd period - Jordan Staal wins face-off versus Steven Stamkos in Blackhawks zone.
9:46 of 2nd period - Jordan Staal is hit by Jason Zucker.
10:12 of 2nd period - Raphael Diaz is hit by Nick Leddy.
10:42 of 2nd period - Snap shot by Lars Eller.
10:42 of 2nd period - Stopped by Tuukka Rask with a rebound.
11:10 of 2nd period - Wrist shot by Radko Gudas.
11:10 of 2nd period - Shot Misses the Net.
11:12 of 2nd period - Wrist shot by Jakob Silfverberg.
11:12 of 2nd period - Goal by Jakob Silfverberg - Penguins : 2 - Blackhawks : 3.
11:13 of 2nd period - Steven Stamkos wins face-off versus Jordan Staal in neutral zone.
11:28 of 2nd period - Slapshot by Jamie McBain.
11:28 of 2nd period - Shot Blocked by Steven Stamkos.
11:46 of 2nd period - Snap shot by James Wright.
11:46 of 2nd period - Deflect By Blake Wheeler.
11:46 of 2nd period - Shot Misses the Net.
11:46 of 2nd period - Puck is out of play.
11:47 of 2nd period - James Wright wins face-off versus Derek Stepan in Penguins zone.
11:54 of 2nd period - Snap shot by Alexander Frolov.
11:54 of 2nd period - Shot Misses the Net.
11:56 of 2nd period - Wrist shot by Blake Wheeler.
11:56 of 2nd period - Stopped by Jacob Markstrom with a rebound.
12:21 of 2nd period - Wrist shot by Corey Perry.
12:21 of 2nd period - Shot Blocked by Sean Zimmerman.
13:24 of 2nd period - Wrist shot by James Wright.
13:24 of 2nd period - Deflect By Alexander Frolov.
13:24 of 2nd period - Shot Hit the Post.
13:24 of 2nd period - Puck is out of play.
13:25 of 2nd period - Steven Stamkos wins face-off versus Jordan Staal in Penguins zone.
13:30 of 2nd period - Slapshot by Oliver Ekman-Larsson.
13:30 of 2nd period - Shot Blocked by Calvin de Haan.
13:32 of 2nd period - Slapshot by Keith Aulie.
13:32 of 2nd period - Shot Blocked by Calvin de Haan.
13:34 of 2nd period - Slapshot by Oliver Ekman-Larsson.
13:34 of 2nd period - Shot Misses the Net.
13:37 of 2nd period - Icing by Johnny Gaudreau.
13:38 of 2nd period - Steven Stamkos wins face-off versus Jordan Staal in Blackhawks zone.
13:39 of 2nd period - Wrist shot by Nikita Kucherov.
13:39 of 2nd period - Shot Misses the Net.
13:41 of 2nd period - Snap shot by Jason Zucker.
13:41 of 2nd period - Shot Misses the Net.
13:43 of 2nd period - Snap shot by Steven Stamkos.
13:43 of 2nd period - Stopped by Tuukka Rask with a rebound.
13:47 of 2nd period - Slapshot by Steven Stamkos.
13:47 of 2nd period - Deflect By Jason Zucker.
13:47 of 2nd period - Stopped by Tuukka Rask with a rebound.
13:49 of 2nd period - Slapshot by Oliver Ekman-Larsson.
13:49 of 2nd period - Shot Blocked by Radko Gudas.
14:05 of 2nd period - Wrist shot by Corey Perry.
14:05 of 2nd period - Deflect By Johnny Gaudreau.
14:05 of 2nd period - Shot Hit the Post.
14:05 of 2nd period - Puck is out of play.
14:06 of 2nd period - Joe Colborne wins face-off versus Antoine Roussel in Penguins zone.
14:32 of 2nd period - Minor Penalty to Alexander Frolov for Hooking.
14:33 of 2nd period - Steven Stamkos wins face-off versus Derek Roy in Blackhawks zone.
14:44 of 2nd period - Wrist shot by Steven Stamkos.
14:44 of 2nd period - Shot Misses the Net.
14:46 of 2nd period - Wrist shot by Nikita Kucherov.
14:46 of 2nd period - Shot Blocked by Antoine Roussel.
14:48 of 2nd period - Snap shot by Steven Stamkos.
14:48 of 2nd period - Shot Blocked by Radko Gudas.
14:50 of 2nd period - Wrist shot by Nikita Kucherov.
14:50 of 2nd period - Stopped by Tuukka Rask without a rebound.
14:51 of 2nd period - Derek Roy wins face-off versus Derek Stepan in Blackhawks zone.
15:23 of 2nd period - Snap shot by Nikita Kucherov.
15:23 of 2nd period - Shot Blocked by Jamie McBain.
15:27 of 2nd period - Snap shot by Nikita Kucherov.
15:27 of 2nd period - Goal by Nikita Kucherov - Penguins : 3 - Blackhawks : 3.
15:28 of 2nd period - Jordan Staal wins face-off versus Steven Stamkos in neutral zone.
16:27 of 2nd period - Icing by Corey Perry.
16:28 of 2nd period - Jordan Staal wins face-off versus Steven Stamkos in Blackhawks zone.
16:36 of 2nd period - Icing by Jamie McBain.
16:37 of 2nd period - Steven Stamkos wins face-off versus Jordan Staal in Blackhawks zone.
16:40 of 2nd period - Snap shot by Steven Stamkos.
16:40 of 2nd period - Shot Misses the Net.
16:42 of 2nd period - Minor Penalty to Corey Perry for Hooking.
16:43 of 2nd period - Steven Stamkos wins face-off versus Derek Roy in Blackhawks zone.
16:46 of 2nd period - Wrist shot by Steven Stamkos.
16:46 of 2nd period - Stopped by Tuukka Rask with a rebound.
16:48 of 2nd period - Wrist shot by Jason Zucker.
16:48 of 2nd period - Stopped by Tuukka Rask with a rebound.
16:50 of 2nd period - Slapshot by Keith Aulie.
16:50 of 2nd period - Stopped by Tuukka Rask without a rebound.
16:51 of 2nd period - Derek Roy wins face-off versus Steven Stamkos in Blackhawks zone.
17:00 of 2nd period - Slapshot by Jason Zucker.
17:00 of 2nd period - Shot Blocked by Jamie McBain.
17:02 of 2nd period - Slapshot by Oliver Ekman-Larsson.
17:02 of 2nd period - Stopped by Tuukka Rask with a rebound.
17:16 of 2nd period - Wrist shot by Nikita Kucherov.
17:16 of 2nd period - Shot Blocked by Antoine Roussel.
17:18 of 2nd period - Wrist shot by Keith Aulie.
17:18 of 2nd period - Stopped by Tuukka Rask with a rebound.
17:22 of 2nd period - Snap shot by Steven Stamkos.
17:22 of 2nd period - Goal by Steven Stamkos - Penguins : 4 - Blackhawks : 3.
17:23 of 2nd period - Jordan Staal wins face-off versus Steven Stamkos in neutral zone.
17:26 of 2nd period - Slapshot by Radko Gudas.
17:26 of 2nd period - Shot Blocked by Steven Stamkos.
17:34 of 2nd period - Snap shot by Corey Perry.
17:34 of 2nd period - Stopped by Jacob Markstrom without a rebound.
17:35 of 2nd period - Steven Stamkos wins face-off versus Jordan Staal in Penguins zone.
17:42 of 2nd period - Slapshot by Oliver Ekman-Larsson.
17:42 of 2nd period - Shot Blocked by Jamie McBain.
17:49 of 2nd period - Off-side.
17:50 of 2nd period - Derek Roy wins face-off versus Derek Stepan in neutral zone.
18:55 of 2nd period - Snap shot by Jakob Silfverberg.
18:55 of 2nd period - Stopped by Jacob Markstrom with a rebound.
18:57 of 2nd period - Snap shot by Derek Roy.
18:57 of 2nd period - Stopped by Jacob Markstrom with a rebound.
18:59 of 2nd period - Slapshot by Antoine Roussel.
18:59 of 2nd period - Shot Blocked by Nick Leddy.
19:01 of 2nd period - Slapshot by Jamie McBain.
19:01 of 2nd period - Shot Misses the Net.
19:28 of 2nd period - Snap shot by Jakob Silfverberg.
19:28 of 2nd period - Shot Blocked by Sean Zimmerman.
19:30 of 2nd period - Snap shot by Raphael Diaz.
19:30 of 2nd period - Shot Misses the Net.
19:32 of 2nd period - Snap shot by Derek Roy.
19:32 of 2nd period - Blackhawks goal is going for a video replay.
19:32 of 2nd period - The goal is good.
19:32 of 2nd period - Goal by Derek Roy - Penguins : 4 - Blackhawks : 4.
19:33 of 2nd period - Jordan Staal wins face-off versus Steven Stamkos in neutral zone.
Goals for this period are 4 for Penguins vs 4 for Blackhawks.
Shots for this period are 17 for Penguins vs 12 for Blackhawks.

3rd period


0:01 of 3rd period - Steven Stamkos wins face-off versus Jordan Staal in neutral zone.
0:23 of 3rd period - Icing by Nikita Kucherov.
0:24 of 3rd period - James Wright wins face-off versus Derek Stepan in Penguins zone.
0:25 of 3rd period - Wrist shot by Blake Wheeler.
0:25 of 3rd period - Stopped by Jacob Markstrom with a rebound.
0:41 of 3rd period - Wrist shot by Joe Pavelski.
0:41 of 3rd period - Goal by Joe Pavelski - Penguins : 5 - Blackhawks : 4.
0:42 of 3rd period - Johnny Gaudreau wins face-off versus Steven Stamkos in neutral zone.
1:20 of 3rd period - Snap shot by Jeff Skinner.
1:20 of 3rd period - Shot Misses the Net.
1:35 of 3rd period - Snap shot by Antoine Roussel.
1:35 of 3rd period - Stopped by Jacob Markstrom without a rebound.
1:36 of 3rd period - Derek Roy wins face-off versus Steven Stamkos in Penguins zone.
2:10 of 3rd period - Off-side.
2:11 of 3rd period - Jordan Staal wins face-off versus Joe Pavelski in neutral zone.
3:06 of 3rd period - Minor Penalty to Joe Colborne for Cross-checking.
3:07 of 3rd period - Steven Stamkos wins face-off versus Jordan Staal in Penguins zone.
3:55 of 3rd period - Minor Penalty to Derek Roy for High sticking.
3:56 of 3rd period - Jordan Staal wins face-off versus Steven Stamkos in Blackhawks zone.
4:03 of 3rd period - Slapshot by Johnny Gaudreau.
4:03 of 3rd period - Deflect By Steven Stamkos.
4:03 of 3rd period - Shot Misses the Net.
4:03 of 3rd period - Puck is out of play.
4:04 of 3rd period - Jordan Staal wins face-off versus Steven Stamkos in Penguins zone.
4:38 of 3rd period - Snap shot by Jason Zucker.
4:38 of 3rd period - Shot Blocked by Radko Gudas.
4:40 of 3rd period - Slapshot by Oliver Ekman-Larsson.
4:40 of 3rd period - Deflect By Steven Stamkos.
4:40 of 3rd period - Shot Blocked by Radko Gudas.
4:40 of 3rd period - Puck is out of play.
4:41 of 3rd period - Steven Stamkos wins face-off versus Jordan Staal in Blackhawks zone.
4:50 of 3rd period - Nick Leddy is hit by Raphael Diaz and loses puck.
5:05 of 3rd period - Antoine Roussel is hit by Jeff Skinner and loses puck.
5:06 of 3rd period - Penalty to Joe Colborne is over, Joe Colborne is back on ice.
5:46 of 3rd period - Raphael Diaz is hit by Nick Leddy and loses puck.
5:55 of 3rd period - Penalty to Derek Roy is over, Derek Roy is back on ice.
5:57 of 3rd period - Alexander Frolov is hit by Derek Stepan and loses puck.
6:16 of 3rd period - Snap shot by Joe Colborne.
6:16 of 3rd period - Stopped by Tuukka Rask without a rebound.
6:17 of 3rd period - Corey Perry wins face-off versus Steven Stamkos in Blackhawks zone.
7:02 of 3rd period - Icing by Lars Eller.
7:03 of 3rd period - Jason Zucker wins face-off versus Derek Roy in Penguins zone.
8:18 of 3rd period - Slapshot by Derek Stepan.
8:18 of 3rd period - Stopped by Tuukka Rask without a rebound.
8:19 of 3rd period - Jordan Staal wins face-off versus Joe Colborne in Blackhawks zone.
8:26 of 3rd period - Wrist shot by Corey Perry.
8:26 of 3rd period - Shot Blocked by Sean Zimmerman.
8:46 of 3rd period - Matthew Spiller is hit by Jason Zucker and loses puck.
10:45 of 3rd period - Snap shot by Nick Bonino.
10:45 of 3rd period - Goal by Nick Bonino - Penguins : 5 - Blackhawks : 5.
10:46 of 3rd period - Jordan Staal wins face-off versus Steven Stamkos in neutral zone.
11:24 of 3rd period - Wrist shot by Derek Stepan.
11:24 of 3rd period - Shot Blocked by Matthew Spiller.
11:36 of 3rd period - Blake Wheeler is hit by Cal Clutterbuck and loses puck.
12:01 of 3rd period - Snap shot by Marcus Foligno.
12:01 of 3rd period - Stopped by Tuukka Rask without a rebound.
12:02 of 3rd period - Lars Eller wins face-off versus Jordan Staal in Blackhawks zone.
12:15 of 3rd period - Brandon Tanev is hit by Johnny Gaudreau and loses puck.
12:22 of 3rd period - Raphael Diaz is hit by Brandon Tanev and loses puck.
13:21 of 3rd period - Snap shot by Lars Eller.
13:21 of 3rd period - Stopped by Tuukka Rask with a rebound.
13:31 of 3rd period - Off-side.
13:32 of 3rd period - Steven Stamkos wins face-off versus Jakob Silfverberg in neutral zone.
13:45 of 3rd period - Slapshot by Steven Stamkos.
13:45 of 3rd period - Deflect By Nikita Kucherov.
13:45 of 3rd period - Stopped by Tuukka Rask with a rebound.
13:47 of 3rd period - Slapshot by Jason Zucker.
13:47 of 3rd period - Deflect By Nikita Kucherov.
13:47 of 3rd period - Stopped by Tuukka Rask with a rebound.
13:59 of 3rd period - Jeff Skinner is hit by Alexander Frolov and loses puck.
14:22 of 3rd period - Snap shot by Derek Stepan.
14:22 of 3rd period - Shot Blocked by Colby Armstrong.
14:42 of 3rd period - Matthew Spiller is hit by Steven Stamkos and loses puck.
15:04 of 3rd period - Keith Aulie is hit by Calvin de Haan and loses puck.
15:31 of 3rd period - Snap shot by Clarke MacArthur.
15:31 of 3rd period - Stopped by Tuukka Rask with a rebound.
16:07 of 3rd period - Snap shot by Antoine Roussel.
16:07 of 3rd period - Stopped by Jacob Markstrom without a rebound.
16:08 of 3rd period - James Wright wins face-off versus Steven Stamkos in Penguins zone.
16:35 of 3rd period - Wrist shot by Nick Bonino.
16:35 of 3rd period - Shot Hit the Post.
16:39 of 3rd period - Snap shot by Colby Armstrong.
16:39 of 3rd period - Shot Misses the Net.
18:03 of 3rd period - Brandon Tanev is hit by Radko Gudas.
18:09 of 3rd period - Calvin de Haan is hit by Oliver Ekman-Larsson and loses puck.
18:38 of 3rd period - Derek Stepan is hit by Johnny Gaudreau and loses puck.
18:50 of 3rd period - Icing by Derek Stepan.
18:51 of 3rd period - Steven Stamkos wins face-off versus James Wright in Penguins zone.
18:51 of 3rd period - Sean Zimmerman is hit by Blake Wheeler and loses puck.
19:58 of 3rd period - Derek Roy is hit by Damon Severson and loses puck.
Goals for this period are 1 for Penguins vs 1 for Blackhawks.
Shots for this period are 8 for Penguins vs 4 for Blackhawks.

Overtime #1


0:01 of 1st overtime period - Steven Stamkos wins face-off versus Jordan Staal in neutral zone.
0:04 of 1st overtime period - Jamie McBain is hit by Jason Zucker and loses puck.
1:17 of 1st overtime period - Snap shot by Blake Wheeler.
1:17 of 1st overtime period - Stopped by Jacob Markstrom with a rebound.
1:19 of 1st overtime period - Slapshot by Blake Wheeler.
1:19 of 1st overtime period - Shot Blocked by Oliver Ekman-Larsson.
1:37 of 1st overtime period - Icing by Jason Zucker.
1:38 of 1st overtime period - Jordan Staal wins face-off versus Derek Stepan in Penguins zone.
2:11 of 1st overtime period - Keith Aulie is hit by Jamie McBain and loses puck.
3:49 of 1st overtime period - Keith Aulie is hit by Jay Bouwmeester and loses puck.
4:10 of 1st overtime period - Oliver Ekman-Larsson is hit by Raphael Diaz and loses puck.
4:59 of 1st overtime period - Robert Hagg is hit by Antoine Roussel and loses puck.
Goals for this period are 0 for Penguins vs 0 for Blackhawks.
Shots for this period are 0 for Penguins vs 1 for Blackhawks.

ShootOut


5:00 of 1st overtime period - Round #1.
5:00 of 1st overtime period - Penguins, Steven Stamkos.
5:00 of 1st overtime period - Wrist shot by Steven Stamkos.
5:00 of 1st overtime period - Stopped by Tuukka Rask.
5:00 of 1st overtime period - Blackhawks, Johnny Gaudreau.
5:00 of 1st overtime period - Deke by Johnny Gaudreau.
5:00 of 1st overtime period - Stopped by Jacob Markstrom.
5:00 of 1st overtime period - Round #2.
5:00 of 1st overtime period - Penguins, Nikita Kucherov.
5:00 of 1st overtime period - Backhand shot by Nikita Kucherov.
5:00 of 1st overtime period - Stopped by Tuukka Rask.
5:00 of 1st overtime period - Blackhawks, Jakob Silfverberg.
5:00 of 1st overtime period - Backhand shot by Jakob Silfverberg.
5:00 of 1st overtime period - Shot Misses the Net.
5:00 of 1st overtime period - Round #3.
5:00 of 1st overtime period - Penguins, Derek Stepan.
5:00 of 1st overtime period - Deke by Derek Stepan.
5:00 of 1st overtime period - Goal by Derek Stepan.
5:00 of 1st overtime period - Blackhawks, Antoine Roussel.
5:00 of 1st overtime period - Deke by Antoine Roussel.
5:00 of 1st overtime period - Stopped by Jacob Markstrom.